AoeStats
← Metal

Oasis

509005907Analyzed
2v2 RM · 7d ago on Sep 25, 2026· 48m 12s· 4 players
Game mode
Random Map
Map size
Medium (4 player)
Population
200
Speed
Normal
Resources
Standard
Victory
Conquest
Starting age
Dark Age
Ending age
Imperial Age
RankedLock teamsTeams togetherTeam positionsShared explorationLock speedFull tech treeHidden civsTurbo modeCheats
Victory
Defeat
🇦🇷 Japanese · Argentina
867
+16
🇦🇷 Danes · Argentina
828
+18
🇦🇷 Sicilians · Argentina
876
-17
🇦🇷 Magyars · Argentina
865
-17
Metal
2:49 Loom
11:20 Feudal Age
17:30 Castle Age
16:59 Forging
17:09 Horse Collar
17:40 Double-Bit Axe
19:44 Scale Barding Armor
20:56 Town Watch
21:06 Fletching
23:32 Wheelbarrow
24:30 Gold Mining
24:30 Double-Bit Axe
25:59 Scale Mail Armor
26:32 Heavy Plow
29:52 Stone Mining
30:14 Bow Saw
32:10 Hand Cart
33:46 Murder Holes
38:03 Imperial Age
37:11 Town Patrol
37:40 Ballistics
37:37 Chain Mail Armor
38:24 Heavy Scorpion
40:07 Conscription
41:30 Kataparuto
43:53 Iron Casting
43:50 Plate Mail Armor
BeRnY
2:58 Loom
10:34 Feudal Age
10:57 Man-at-Arms
12:38 Arson
16:58 Forging
17:06 Town Watch
21:16 Castle Age
21:41 Wheelbarrow
21:35 Double-Bit Axe
21:33 Horse Collar
23:29 Bow Saw
23:16 Fletching
24:33 Squires
24:45 Gold Mining
24:50 Stone Mining
27:51 Scale Mail Armor
27:28 Hamask
35:16 Iron Casting
35:11 Murder Holes
35:29 Masonry
35:58 Heavy Plow
36:16 Chain Mail Armor
36:32 Gold Mining
42:20 Imperial Age
40:50 Elite Skirmisher
41:36 Thumb Ring
41:37 Padded Archer Armor
41:35 Bodkin Arrow
43:14 Gold Shaft Mining
43:29 Conscription
45:56 Blast Furnace
45:44 Ballistics
46:03 Elite Varangian Guard
MetalShaker
11:49 Feudal Age
13:11 Loom
14:02 Wheelbarrow
13:27 Double-Bit Axe
13:38 Man-at-Arms
21:21 Forging
21:11 Scale Mail Armor
25:10 Fletching
25:20 Padded Archer Armor
28:01 Castle Age
29:13 Bow Saw
28:46 Horse Collar
29:17 Caravan
29:55 Coinage
30:51 Pikeman
33:44 Iron Casting
33:24 Chain Mail Armor
35:04 Stone Mining
35:05 Gold Mining
35:06 Gambesons
36:45 Squires
36:31 Arson
37:44 Heavy Plow
39:07 Bodkin Arrow
39:27 Leather Archer Armor
39:57 Hand Cart
41:08 Gold Shaft Mining
41:09 Stone Shaft Mining
41:05 Leather Archer Armor
45:21 Imperial Age
44:07 Light Cavalry
45:33 Scale Barding Armor
45:41 Bloodlines
45:59 Masonry
46:11 Ballistics
46:07 Halberdier
47:17 Husbandry
TitoTheDuck
3:25 Loom
12:22 Feudal Age
17:37 Double-Bit Axe
18:29 Fletching
21:25 Horse Collar
25:47 Castle Age
24:24 Stone Mining
28:09 Bodkin Arrow
29:49 Gold Mining
30:30 Bow Saw
32:11 Scale Barding Armor
32:24 Corvinian Army
33:47 Thumb Ring
33:03 Crossbowman
35:23 Heavy Plow
36:33 Wheelbarrow
37:53 Gold Shaft Mining
38:03 Hand Cart
38:58 Ballistics
38:42 Padded Archer Armor
45:10 Imperial Age
45:21 Chain Barding Armor
45:16 Leather Archer Armor
45:50 Elite Magyar Huszar
47:49 Plate Barding Armor
47:14 Bracer
Connection lost

Rejoining the realm…

Still unreachable

The connection could not be restored.

Session expired

The server has moved on; the page needs a fresh start.